 Dungeon Crawl Stone Soup version 0.28-a0-957-g42eb19b844 (webtiles) character file.

Game seed: 4230965987327622188

371 bearlyready the Conjurer (level 6, -2/32 HPs)
             Began as a Deep Elf Conjurer on Nov 30, 2021.
             Slain by Grinder (5 damage)
             ... while paralysed by Grinder
             ... on level 5 of the Dungeon.
             The game lasted 00:08:16 (4069 turns).

bearlyready the Conjurer (Deep Elf Conjurer)        Turns: 4069, Time: 00:08:17

Health: -2/32      AC:  4    Str:  4    XL:     6   Next: 42%
Magic:  5/13       EV:  2    Int: 31    God:
Gold:   95         SH:  0    Dex: 13    Spells: 5/12 levels left

rFire   + . .      SeeInvis .   b - +1 dagger (elec)
rCold   + . .      Faith    .   (no shield)
rNeg    . . .      Spirit   .   a - +0 robe
rPois   .          Reflect  .   t - +0 helmet
rElec   .          Harm     .   r - scarf {rC+ rF+}
rCorr   .          Rampage  .   (no gloves)
Will    +....                   i - +0 pair of boots
Stlth   ++........              m - amulet of the acrobat
HPRegen 0.10/turn               e - ring of willpower
MPRegen 0.13/turn               h - +6 ring of intelligence

@: paralysed
A: no striking features
a: no special abilities


You were on level 5 of the Dungeon.
You visited 1 branch of the dungeon, and saw 6 of its levels.

You collected 95 gold pieces.

Inventory:

Hand Weapons
 b - a +1 dagger of electrocution (weapon)
Missiles
 k - 9 poisoned darts
Armour
 a - a +0 robe (worn)
 i - a +0 pair of boots (worn)
 r - a scarf of resistance (worn)
 t - a +0 helmet (worn)
Jewellery
 e - a ring of willpower (left hand)
 h - a +6 ring of intelligence (right hand)
 m - an amulet of the acrobat (around neck)
Wands
 s - a wand of paralysis (9)
 w - a wand of iceblast (5)
Scrolls
 c - 2 scrolls of teleportation
 d - a scroll of fog {unknown}
 g - a scroll of vulnerability {unknown}
 j - a scroll of fear {unknown}
 o - 2 scrolls of magic mapping
 p - a scroll of noise {unknown}
 q - a scroll of torment {unknown}
 u - 3 scrolls of identify {unknown}
Potions
 f - a potion of degeneration {unknown}
 l - a potion of brilliance {unknown}
 n - 4 potions of heal wounds {unknown}
 v - a potion of invisibility {unknown}


   Skills:
 - Level 0.1 Fighting
 - Level 2.0 Short Blades
 - Level 2.4 Dodging
 - Level 2.4 Stealth
 + Level 3.9 Spellcasting
 + Level 7.5 Conjurations
 + Level 2.1 Hexes


You had 5 spell levels left.
You knew the following spells:

 Your Spells              Type           Power      Damage    Failure   Level
a - Magic Dart            Conj           100%       1d8       1%          1
b - Searing Ray           Conj           100%       2d8       1%          2
c - Fulminant Prism       Conj/Hex       18%        3d11      9%          4

Your spell library contained the following spells:

 Spells                   Type           Power      Damage    Failure   Level
 Dazzling Flash           Conj/Hex       72%        N/A       2%          3
 Passwall                 Tmut/Erth      5%         N/A       10%         2
 Iskenderun's Mystic Bla  Conj/Tloc      29%        2d7       13%         4
 Ozocubu's Armour         Ice            6%         N/A       19%         3
 Swiftness                Air            6%         N/A       19%         3
 Ozocubu's Refrigeration  Ice            3%         4d5       100%        7


Dungeon Overview and Level Annotations

Branches:
Dungeon (6/15)
 Temple: D:4-7

Altars:

Shops:
D:3 ([

Portals:
Abyss: D:4

Annotations:
D:3 3 runed translucent doors, Crazy Yiuf; Redcow54321's ghost, weakling MiFi
D:4 2 transporters, Cancer's ghost, novice GrEE
D:5 Grinder; Sigmund


Message History

The searing ray hits Grinder.
Grinder is lightly wounded. (Press . to maintain the ray.) Grinder gestures at you.
You resist with almost no effort.
The searing ray misses Grinder.
The searing ray hits Grinder.
Grinder is lightly wounded.
Grinder gestures at you. You resist with almost no effort.
The searing ray hits Grinder!
Grinder is moderately wounded.
You finish channelling your searing ray.
Casting: Searing Ray (safe; 1% risk of failure)
Confirm with . or Enter, or press ? or * to list all spells.
You don't know that spell.
Casting: Searing Ray (safe; 1% risk of failure)
Confirm with . or Enter, or press ? or * to list all spells.
The spell is quite dangerous to miscast (9% risk of failure)!
Continue anyway?
Aiming: Fulminant Prism (quite dangerous; 9% risk of failure)
Press: ? - help, Dir - move target, p - Grinder You conjure a prism of explosive energy!
A fulminant prism comes into view.
Grinder hits you.
You writhe in agony.
You barely miss Grinder.
Grinder is moderately wounded.
Grinder gestures at you.
You suddenly lose the ability to move!
Your fulminant prism crackles loudly.
Grinder says, "Make like a tree!"
Grinder hits you!
Your fulminant prism explodes!
The blast of energy engulfs Grinder!
Grinder is heavily wounded.
Grinder hits you.
You hear a shout! x2
Grinder hits you!
* * * LOW HITPOINT WARNING * * *
You writhe in agony.
You die...

.....# ##....#
#.....# #.....#
#.....# #.....#
#..5.# #.@..#
#....# #....##
#.....# ##....#
#.#..# ..####..#
.........##
....#####.#######
####


You could see Grinder.

Vanquished Creatures
  An ogre (D:4)
  A centaur (D:3)
  A centaur skeleton (D:4)
  A hound (D:4)
  A hound zombie (D:3)
  2 hound skeletons (D:4)
  A howler monkey zombie (D:4)
  3 adders (D:3)
  A worm (D:3)
  2 dart slugs
  An orc (D:3)
  4 ball pythons
  7 endoplasms
  A giant cockroach (D:2)
  10 goblins
  5 hobgoblins
  A jackal (D:3)
  2 kobolds (D:2)
  4 quokkas
  8 bats
  3 frilled lizards
  10 rats
70 creatures vanquished.

Vanquished Creatures (others)
  2 fulminant prisms
2 creatures vanquished.

Grand Total: 72 creatures vanquished

Notes
Turn   | Place    | Note
-------+----------+-------------------------------------------
     0 | D:1      | bearlyready the Deep Elf Conjurer began the quest for the
                  | Orb.
     0 | D:1      | Reached XP level 1. HP: 10/10 MP: 6/6
   288 | D:1      | Reached skill level 1 in Short Blades
   288 | D:1      | Reached XP level 2. HP: 9/15 MP: 8/8
  1190 | D:2      | Reached skill level 5 in Conjurations
  1307 | D:1      | Learned a level 2 spell: Searing Ray
  1363 | D:2      | Reached XP level 3. HP: 15/19 MP: 7/9
  2193 | D:3      | Found a faded altar of an unknown god.
  2276 | D:3      | Found a runed translucent door.
  2277 | D:3      | Noticed Crazy Yiuf
  2299 | D:3      | Found Cung's Weapon Shoppe.
  2627 | D:3      | Noticed a centaur
  2642 | D:3      | Killed a centaur
  2643 | D:3      | Reached skill level 6 in Conjurations
  2643 | D:3      | Reached XP level 4. HP: 6/24 MP: 2/10
  2643 | D:3      | Reached XP level 5. HP: 7/28 MP: 2/11
  2947 | D:3      | Found Ulugh's Antique Armour Shop.
  3394 | D:3      | Found a large runed translucent door.
  3395 | D:3      | Found a large runed translucent door.
  3396 | D:3      | Noticed Redcow54321's ghost (weakling MiFi)
  3531 | D:4      | Reached skill level 7 in Conjurations
  3571 | D:4      | Learned a level 4 spell: Fulminant Prism
  3615 | D:4      | Noticed a small abomination
  3629 | D:4      | Noticed Cancer's ghost (novice GrEE)
  3649 | D:4      | Found a one-way gate to the infinite horrors of the Abyss.
  3657 | D:4      | Found a transporter.
  3666 | D:4      | Found a transporter.
  3883 | D:4      | Reached skill level 1 in Hexes
  3883 | D:4      | Reached XP level 6. HP: 29/32 MP: 11/13
  4012 | D:4      | You fall into a shaft and drop 2 floors!
  4027 | D:6      | Noticed an orc warrior
  4032 | D:5      | Entered Level 5 of the Dungeon
  4039 | D:5      | Noticed Sigmund
  4059 | D:5      | Noticed Grinder
  4066 | D:5      | Paralysed by Grinder for 7 turns
  4069 | D:5      | Slain by Grinder

Illustrated notes

Levels and vault maps discovered:
D:1:      minmay_arrival_five_plusses, layout_basic, grunt_decor_fettered,
          dk_noncrumbling_3, serial_bayou_lagoon_a
D:2:      layout_basic
D:3:      layout_rooms, serial_shops, nicolae_shop_statue_plus, shop,
          ebering_ghost_disaster_area, chequers_ecumenical_altar_simple_redux,
          grunt_ministairs_13, minivault_24,
          nicolae_concentric_dashed_squares_wild, minmay_divided_ellipse,
          uniq_crazy_yiuf_cottage
D:4:      layout_gridville, gammafunk_ghost_abyssal_escape
D:5:      layout_cave_pods, mainiacjoe_overflow_six_doors_small,
          minmay_temple_entry_mist, serial_shops, nicolae_inconvenience_store,
          enter_ossuary_5, amcnicky_mini_pool_medium, uniq_grinder,
          uniq_duvessa, uniq_eustachio, uniq_sigmund
D:6:      layout_basic

Skill      XL: |  1  2  3  4  5  6 |
---------------+-------------------+-----
Short Blades   | 1 2 |  2.0
Conjurations   | 5 6 7 |  7.5
Hexes          | 1 2 |  2.1
Fighting       | |  0.1
Dodging        | |  2.4
Stealth        | |  2.4
Spellcasting   | |  3.9

Action                   |  1- 3 |  4- 6 || total
-------------------------+-------+-------++-------
Melee: Dagger            |    89 |    53 ||   142
 Cast: Magic Dart        |     9 |     1 ||    10
       Searing Ray       |    12 |     5 ||    17
       Fulminant Prism   |       |     2 ||     2
  Use: Potion            |       |     1 ||     1
       Scroll            |       |     1 ||     1
 Stab: Sleeping          |     2 |     4 ||     6
Armor: Robe              |    22 |     8 ||    30
       Skin              |       |    14 ||    14
Dodge: Dodged            |    87 |    29 ||   116

Table legend: (Time is in decaauts)
 A = Elapsed time spent in this place.
 B = Non-inter-level travel time spent in this place.
 C = Inter-level travel time spent in this place.
 D = Time resting spent in this place.
 E = Time spent auto-exploring this place.
 F = Levels seen in this place.
 G = Mean time per level.
                   A        B        C        D        E       F      G
               +--------+--------+--------+--------+--------+-----+--------+
         Total |   4065 |   3936 |    129 |     99 |   3128 |   6 |  677.5 |
       Dungeon |   4065 |   3936 |    129 |     99 |   3128 |   6 |  677.5 |
               +--------+--------+--------+--------+--------+-----+--------+

Top non-repeatable levels by time:
     D:3: 1605 daAuts
     D:1: 1260 daAuts
     D:2: 652 daAuts
     D:4: 490 daAuts
     D:5: 36 daAuts
     D:6: 19 daAuts
